 Dungeon Crawl Stone Soup version 0.17.1-3-g152610e (webtiles) character file.

6643 Heskey the Grappler (level 10, -4/104 HPs)
             Began as a Troll Monk on Mar 28, 2016.
             Was an Elder of Nemelex Xobeh.
             Slain by a killer bee (6 damage)
             ... on level 9 of the Dungeon.
             The game lasted 00:19:55 (8138 turns).

Heskey the Grappler (Troll Monk)                    Turns: 8138, Time: 00:19:56

Health: -4/104     AC:  6    Str: 24    XL:     10   Next: 72%
Magic:  12/12      EV: 13    Int:  6    God:    Nemelex Xobeh [****..]
Gold:   459        SH:  0    Dex: 12    Spells: 0 memorised, 9 levels left

rFire  . . .     SeeInvis .       - Unarmed
rCold  . . .     Clarity  .     B - troll hide
rNeg   . . .     SustAt   .     (no shield)
rPois  .         Gourm    +     (helmet restricted)
rElec  .         Spirit   .     k - +0 cloak
rCorr  .         Warding  .     (gloves unavailable)
rMut   .         Stasis   .     (boots unavailable)
MR     .....                    (no amulet)
Stlth  +.........               (no ring)
                                (no ring)

@: lethally poisoned (-4 -> -6), about to teleport, not resistant to hostile
enchantments, very unstealthy
A: unfitting armour, claws 3, fast metabolism 3, gourmand, regeneration 2,
shaggy fur 1, tough skin 2
a: Triple Draw, Deal Four, Renounce Religion


You were on level 9 of the Dungeon.
You worshipped Nemelex Xobeh.
Nemelex Xobeh was greatly pleased with you.
You were very full.

You visited 1 branch of the dungeon, and saw 9 of its levels.

You collected 459 gold pieces.

Inventory:

Armour
 k - a +0 cloak (worn)
 B - a troll hide (worn)
Wands
 f - a wand of enslavement (3)
 o - a wand of hasting (9)
 x - a wand of polymorph (7)
Scrolls
 c - 12 scrolls of identify
 e - 3 scrolls of fog
 h - 2 scrolls of remove curse
 i - 2 scrolls of immolation
 j - 2 scrolls of amnesia
 l - a scroll of teleportation
 s - 2 scrolls of recharging
Books
 d - a book of Necromancy

   Spells                             Type                      Level
   a - Pain                           Necromancy                   1
   b - Animate Skeleton               Necromancy                   1
   c - Vampiric Draining              Necromancy                   3
   d - Regeneration                   Charms/Necromancy            3
   e - Animate Dead                   Necromancy                   4
   f - Control Undead                 Necromancy                   4
Miscellaneous
 g - a plain deck of war
 p - an ornate deck of escape {drawn: 1}
 r - a plain deck of war {drawn: 5}
 t - an ornate deck of escape {drawn: 6}
 y - an ornate deck of war
Comestibles
 b - 5 bread rations
 m - 3 meat rations
 n - 4 fruits
 u - 2 beef jerkies
 v - 2 slices of pizza
 A - 10 royal jellies


   Skills:
 * Level 8.1 Fighting
 + Level 7.5 Dodging
 - Level 1.1 Stealth
 + Level 9.5 Unarmed Combat
 + Level 4.8 Evocations


You had 9 spell levels left.
You didn't know any spells.

Dungeon Overview and Level Annotations

Branches:
Dungeon (9/15)             Temple (0/1) D:6
   Lair: D:8-11         Orc: D:9-12

Altars:
Ashenzari
Fedhas
Makhleb
Nemelex Xobeh


Innate Abilities, Weirdness & Mutations

You are too large for most types of armour.
You have claws for hands.
Your metabolism is lightning-fast.
You like to eat raw meat.
You heal very quickly.
You are covered in fur (AC +1).
You have very tough skin (AC +2).


Message History

The troll claws you!
* * * LOW HITPOINT WARNING * * *
The troll closely misses you. The killer bee misses you.
You aren't carrying any potions.
You aren't carrying any potions.
You aren't carrying any potions.
Read which item? (? for menu, Esc to quit)
As you read the scroll of teleportation, it crumbles to dust.
You feel strangely unstable.
You feel sick. The killer bee misses you. The troll misses you.
The troll claws you.
* * * LOW HITPOINT WARNING * * *
The troll closely misses you. The killer bee stings you.
* * * LOW HITPOINT WARNING * * *
Read which item? (? for menu, Esc to quit)
As you read the scroll of immolation, it crumbles to dust.
The creatures around you are filled with an inner flame!
* * * LOW HITPOINT WARNING * * *
You feel sick. The killer bee stings you.
You die...
Your body glows with a rainbow of weird colours and disappears.

#. .######...# ..
.........
#.#.#######.....#.#
#........##.###.#<#
###.####..........#
# #..#.#.....#
#.yy.(.#.###
##y#.###.#
#@#.(...#
##T####### #.[.#
#.†.# #.[.#
#####...#####
#...........#.#
#................
≈≈≈≈≈;.........#.#


You could see a troll (inner flame) and 3 killer bees.

Vanquished Creatures
  The ghost of nublet the Basher, a novice OgBe of Trog (D:8)
  The ghost of bollicks1999 the Shield-Bearer, a novice MiFi (D:6)
  An orc knight (D:8)
  Psyche (D:8)
  2 trolls
  A hippogriff (D:8)
  4 wolves (D:9)
  Duvessa (D:7)
  A water moccasin (D:7)
  A black bear (D:7)
  3 phantoms
  7 orc warriors
  2 sky beasts
  2 necrophages
  A centaur (D:7)
  2 ogres
  A big kobold (D:7)
  A crocodile (D:8)
  4 giant frogs
  Dowan (D:7)
  2 scorpions (D:5)
  A killer bee (D:9)
  7 crimson imps
  5 hounds
  3 jellies (D:8)
  A centaur zombie (D:5)
  2 giant frog skeletons (D:4)
  3 worker ants
  2 centaur skeletons
  Jessica (D:3)
  8 orc wizards
  6 orc priests
  3 iguanas
  A hound skeleton (D:6)
  A gnoll (D:7)
  9 adders
  3 shadow imps
  6 oozes
  An adder skeleton (D:5)
  3 worms (D:2)
  2 giant geckos (D:8)
  43 orcs
  5 giant cockroaches
  9 hobgoblins
  9 jackals
  11 kobolds
  2 quokkas
  A ball python (D:2)
  9 bats
  A giant gecko skeleton (D:4)
  2 giant newts
  7 goblins
  A jackal skeleton (D:7)
  4 rats
212 creatures vanquished.

Vanquished Creatures (collateral kills)
  An electric eel (D:9)
  An adder (D:7)
  2 gnolls (D:7)
  6 orcs (D:7)
10 creatures vanquished.

Grand Total: 222 creatures vanquished

Notes
Turn   | Place    | Note
--------------------------------------------------------------
     0 | D:1      | Heskey the Troll Monk began the quest for the Orb.
     0 | D:1      | Reached XP level 1. HP: 22/22 MP: 0/0
   170 | D:1      | Reached XP level 2. HP: 29/29 MP: 1/1
   352 | D:1      | Found a shattered altar of Ashenzari.
   843 | D:2      | Reached XP level 3. HP: 36/36 MP: 2/2
  1627 | D:3      | Reached XP level 4. HP: 41/45 MP: 3/3
  1923 | D:3      | Found a sparkling altar of Nemelex Xobeh.
  1923 | D:3      | Noticed Jessica
  1926 | D:3      | Killed Jessica
  1933 | D:3      | Became a worshipper of Nemelex Xobeh the Trickster
  1933 | D:3      | Received a gift from Nemelex Xobeh
  1933 | D:3      | Reached * piety under Nemelex Xobeh
  1933 | D:3      | Received a gift from Nemelex Xobeh
  1933 | D:3      | Reached ** piety under Nemelex Xobeh
  2247 | D:4      | Reached skill level 5 in Unarmed Combat
  2247 | D:4      | Reached XP level 5. HP: 49/53 MP: 4/4
  2324 | D:4      | Reached XP level 6. HP: 46/61 MP: 5/5
  2361 | D:4      | Noticed a phantom
  2386 | D:4      | Killed a phantom
  3044 | D:5      | Entered Level 5 of the Dungeon
  3093 | D:5      | Reached XP level 7. HP: 70/70 MP: 6/6
  3109 | D:5      | Reached skill level 6 in Unarmed Combat
  3695 | D:5      | Reached *** piety under Nemelex Xobeh
  3722 | D:5      | Reached skill level 5 in Dodging
  3935 | D:5      | Found a blossoming altar of Fedhas.
  4117 | D:6      | Reached XP level 8. HP: 34/79 MP: 7/7
  4210 | D:6      | Noticed bollicks1999's ghost (novice MiFi)
  4660 | D:6      | Killed bollicks1999's ghost
  4660 | D:6      | Reached skill level 5 in Fighting
  4660 | D:6      | Reached skill level 7 in Unarmed Combat
  4660 | D:6      | Reached skill level 1 in Evocations
  4870 | D:6      | Received a gift from Nemelex Xobeh
  4931 | D:6      | Found a staircase to the Ecumenical Temple.
  5034 | D:6      | Received a gift from Nemelex Xobeh
  5053 | D:6      | Found a burning altar of Makhleb.
  5265 | D:6      | Reached XP level 9. HP: 77/89 MP: 9/9
  5822 | D:7      | Reached skill level 8 in Unarmed Combat
  5994 | D:7      | Noticed a purple ugly thing
  6005 | D:7      | HP: 2/89 [purple ugly thing[the player character] (5)]
  6010 | D:7      | HP: 3/89 [poisoned by an adder]
  6011 | D:7      | HP: 1/89 [purple ugly thing[the player character] (11)]
  6154 | D:7      | Noticed Duvessa
  6160 | D:7      | Noticed Dowan
  6168 | D:7      | Killed Duvessa
  6182 | D:7      | Killed Dowan
  6327 | D:7      | Received a gift from Nemelex Xobeh
  6574 | D:8      | Noticed Psyche
  6585 | D:8      | Killed Psyche
  6625 | D:8      | Reached **** piety under Nemelex Xobeh
  6674 | D:8      | Reached XP level 10. HP: 100/100 MP: 12/12
  6739 | D:8      | Noticed nublet's ghost (novice OgBe)
  6765 | D:8      | Killed nublet's ghost
  6765 | D:8      | Reached skill level 9 in Unarmed Combat
  7317 | D:8      | Noticed an orc knight
  7550 | D:8      | Received a gift from Nemelex Xobeh
  7577 | D:8      | Killed an orc knight
  8137 | D:9      | HP: 2/104 [killer bee (6)]
  8138 | D:9      | Slain by a killer bee

Action                   |  1- 3 |  4- 6 |  7- 9 | 10-12 || total
-------------------------+-------+-------+-------+-------++-------
Melee: Unarmed           |   106 |   116 |   336 |   140 ||   698
Evoke: Deck              |       |       |    13 |     7 ||    20
       Wand              |       |       |       |     1 ||     1
  Use: Scroll            |       |     7 |     3 |     3 ||    13
       Potion            |       |     4 |     8 |     3 ||    15
 Stab: Sleeping          |     4 |     2 |       |       ||     6
       Distracted        |       |     2 |       |       ||     2
  Eat: Chunk             |    11 |    14 |    25 |    15 ||    65
       Beef jerky        |       |       |     3 |       ||     3
       Fruit             |       |       |     2 |       ||     2
       Meat ration       |       |       |     1 |       ||     1
       Bread ration      |       |       |     1 |       ||     1
